 Dungeon Crawl Stone Soup version 0.17-a0-461-g772d41b (webtiles) character file.

25971 Kisielow the Carver (level 12, -20/90 HPs)
             Began as a Minotaur Fighter on Apr 5, 2015.
             Was a High Priest of Okawaru.
             Demolished by a very large slime creature (40 damage)
             ... on level 12 of the Dungeon.
             The game lasted 01:11:40 (15918 turns).

Kisielow the Carver (Minotaur Fighter)             Turns: 15918, Time: 01:11:41

Health: -20/90     AC: 25    Str: 24    XL:     12   Next: 94%
Magic:  12/12      EV:  9    Int:  5    God:    Okawaru [*****.]
Gold:   725        SH:  0    Dex: 13    Spells: 0 memorised, 11 levels left

rFire  . . .     SeeInvis .     Q - +3 great sword
rCold  . . .     Clarity  .     p - +0 plate armour
rNeg   . . .     SustAb   .     (no shield)
rPois  .         Gourm    .     (helmet restricted)
rElec  +         Spirit   .     G - +2 cloak
rCorr  .         Warding  .     (no gloves)
rMut   .         Stasis   .     K - +0 pair of boots
MR     .....                    n - amulet of regeneration
Stlth  ..........               q - +4 ring of protection
                                O - +3 ring of dexterity

@: not resistant to hostile enchantments, extremely unstealthy
A: retaliatory headbutt, horns 2, repulsion field 1, frail 2, electricity
resistance, weak 1
a: Heroism, Finesse, Renounce Religion


You were on level 12 of the Dungeon.
You worshipped Okawaru.
Okawaru was extremely pleased with you.
You were hungry.

You visited 2 branches of the dungeon, and saw 13 of its levels.
You visited the Abyss 1 time.

You collected 725 gold pieces.

Inventory:

Hand weapons
 a - a +4 scimitar of protection
 x - a +0 shortbow
 N - a +4 scimitar of flaming
 Q - a +3 great sword (weapon)
Missiles
 e - 10 arrows of frost
 y - 19 arrows of dispersal
 T - 6 arrows of flame
 X - 11 poisoned arrows
Armour
 c - a +2 shield
 p - a +0 plate armour (worn)
 G - a +2 cloak (worn)
 K - a +0 pair of boots (worn)
Jewellery
 m - an uncursed amulet of guardian spirit
 n - an amulet of regeneration (around neck)
 q - a +4 ring of protection (right hand)
 O - a +3 ring of dexterity (left hand)
Magical devices
 g - a wand of disintegration (15)
 F - a wand of random effects (38)
 L - a wand of slowing (34)
 M - a wand of invisibility (4)
Scrolls
 i - a scroll of fog
 r - 8 scrolls of remove curse
 s - 5 scrolls of teleportation
 w - 3 scrolls of fear
 C - a scroll of blinking
 D - 4 scrolls of identify
 W - a scroll of recharging
Potions
 f - 4 potions of agility
 h - a potion of haste
 k - 3 potions of resistance
 t - 2 potions of ambrosia
 U - a potion of lignification
 V - a potion of might
Books
 R - a book of Clouds

   Spells                             Type                      Level
   a - Mephitic Cloud                 Conjuration/Poison/Air       3
   b - Conjure Flame                  Conjuration/Fire             3
   c - Poisonous Cloud                Conjuration/Poison/Air       6
   d - Freezing Cloud                 Conjuration/Ice/Air          6
   e - Ring of Flames                 Charms/Fire                  7
Comestibles
 d - 16 bread rations
 l - 2 beef jerkies
 o - 6 meat rations
 B - 2 royal jellies


   Skills:
 * Level 12.8 Fighting
 * Level 14.8 Long Blades
 - Level 5.0 Bows
 * Level 13.1 Armour
 - Level 10.0 Shields
 * Level 2.2 Invocations
 * Level 1.7 Evocations


You had 11 spell levels left.
You didn't know any spells.

Dungeon Overview and Level Annotations

Branches:
Dungeon (12/15)            Temple (1/1) D:4            Lair (0/8) D:8
    Orc (0/4) D:12

Altars:
Ashenzari
Cheibriados
Dithmenos
Elyvilon
Fedhas
Gozag
Kikubaaqudgha
Makhleb
Nemelex Xobeh
Okawaru
Qazlal
Ru
Sif Muna
Trog
Vehumet
Xom
Yredelemnul
Zin
The Shining One

Shops:
D:10 [

Annotations:
D:2 exclusion: oklob plant


Innate Abilities, Weirdness & Mutations

You reflexively headbutt those who attack you in melee.
You have a pair of horns on your head.
You are surrounded by a mild repulsion field (EV +2).
You are very frail (-20% HP).
You are resistant to electric shocks.
You are weak. (Str -2)


Message History

You headbutt the very large slime creature.
The very large slime creature is almost dead.
The very large slime creature hits you!!!
Ouch! That really hurt!
* * * LOW HITPOINT WARNING * * *
You are too injured to fight recklessly!
You are too injured to fight recklessly!
You are too injured to fight recklessly!
You are too injured to fight recklessly!
You are too injured to fight recklessly!
You are too injured to fight recklessly!
You are too injured to fight recklessly!
You are too injured to fight recklessly!
Drink which item? (? for menu, Esc to quit)
You feel better.
The very large slime creature hits you but does no damage.
Drink which item? (? for menu, Esc to quit)
You feel better.
The very large slime creature hits you!!!
You die...

######### #.........#
#.#######.##### #.##.##.......#
###.#.#.#.....#.#
.......###........# #.#...##
##.....#.# #.#.#..###J.....#.#
#.#.#.#.#@###.###.#
#.....#[.####.# #.########
#..#...[).....# #.........
###[..##..###### #...###.[.
#..........# ###.# #[#.
#.#.####...# #.# #(#.
#.#.####...#########.###.#.
#.###.#...=...............##.#.
#......>....................[#.


You could see a very large slime creature.

Vanquished Creatures
  Kirke (D:12)
  Erolcha (D:9)
  Erica (D:10)
  3 centaur warriors
  5 hill giants
  An ugly thing (D:12)
  2 manticores
  A wolf spider (D:12)
  Joseph (D:7)
  An orange demon (Abyss:1)
  A gargoyle (D:11)
  2 centaur skeletons
  3 komodo dragons (D:8)
  2 ancient zymes (Abyss:3)
  A freezing wraith (Abyss:1)
  2 two-headed ogres
  A troll (D:12)
  2 raiju (Abyss:3)
  The ghost of Fv001 the Conjurer, an average DrCj (D:4)
  Prince Ribbit (D:5)
  A slime creature (D:12)
  4 wyverns
  A spriggan (D:7)
  A neqoxec (D:9)
  6 small abominations
  14 yaks
  Eustachio (D:6)
  3 wraiths
  2 deep elf magi
  2 hippogriffs
  A vampire mosquito (D:12)
  2 mottled dragons
  2 water moccasins
  2 ice beasts
  An eye of draining (D:8)
  4 sky beasts
  A black bear (D:12)
  2 phantoms
  A wasp (D:11)
  6 orc warriors
  11 ogres
  2 crocodiles
  2 necrophages
  5 centaurs
  2 big kobolds
  8 giant frogs
  A wyvern zombie (D:11)
  A wyvern skeleton (D:10)
  A gnoll sergeant (D:11)
  5 scorpions
  2 crimson imps
  2 goliath beetles
  2 quasits
  A giant frog zombie (D:11)
  A wasp zombie (D:8)
  17 killer bees
  12 wights
  2 gnoll shamans (D:5)
  7 hounds
  2 jellies
  7 orc priests
  10 orc wizards
  Crazy Yiuf (D:5)
  3 giant frog skeletons
  A centaur zombie (D:8)
  10 worker ants
  7 iguanas
  A hound zombie (D:6)
  A mummy (D:9)
  2 hound skeletons
  2 worker ant zombies
  16 gnolls
  13 adders
  4 shadow imps
  5 worms
  An adder skeleton (D:9)
  A giant gecko (D:5)
  50 orcs
  4 ball pythons
  7 giant cockroaches
  17 goblins
  16 hobgoblins
  13 jackals
  28 kobolds
  10 bats
  A giant cockroach zombie (D:5)
  7 giant newts
  17 rats
  A ballistomycete (D:6)
432 creatures vanquished.

Vanquished Creatures (others)
  3 humans (D:12)
  2 giant spores
  A lurking horror (Abyss:2)
6 creatures vanquished.

Grand Total: 438 creatures vanquished

Notes
Turn   | Place    | Note
--------------------------------------------------------------
     0 | D:1      | Kisielow, the Minotaur Fighter, began the quest for the Orb.
     0 | D:1      | Reached XP level 1. HP: 19/19 MP: 0/0
   187 | D:1      | Reached XP level 2. HP: 27/27 MP: 1/1
   291 | D:1      | Reached skill level 4 in Shields
   829 | D:1      | Reached XP level 3. HP: 30/33 MP: 2/2
   944 | D:2      | Found a blossoming altar of Fedhas.
   964 | D:2      | Noticed an oklob plant
  1199 | D:2      | Reached XP level 4. HP: 40/40 MP: 3/3
  1286 | D:2      | Found a deep blue altar of Sif Muna.
  1644 | D:2      | You fall through a shaft!
  1700 | D:3      | Found a white marble altar of Elyvilon.
  1750 | D:3      | Reached skill level 5 in Shields
  1750 | D:3      | Reached XP level 5. HP: 46/46 MP: 4/4
  2550 | D:4      | Noticed Fv001's ghost (average DrCj)
  2749 | D:4      | Found a staircase to the Ecumenical Temple.
  2769 | Temple   | Entered the Ecumenical Temple
  2804 | Temple   | Became a worshipper of Warmaster Okawaru
  2931 | D:4      | Reached skill level 5 in Armour
  3137 | D:4      | Reached XP level 6. HP: 35/52 MP: 5/5
  3649 | D:5      | Entered Level 5 of the Dungeon
  3657 | D:5      | Reached skill level 6 in Shields
  3754 | D:5      | Found a bloodstained altar of Trog.
  3760 | D:5      | Acquired Okawaru's first power
  4200 | D:5      | Noticed Prince Ribbit
  4285 | D:5      | Reached XP level 7. HP: 38/60 MP: 6/6
  4697 | D:5      | Found a glowing golden altar of the Shining One.
  4741 | D:5      | Reached skill level 5 in Fighting
  4855 | D:5      | Noticed Crazy Yiuf
  4865 | D:5      | Killed Crazy Yiuf
  4865 | D:5      | Reached skill level 7 in Shields
  4904 | D:5      | Reached skill level 5 in Long Blades
  4935 | D:5      | Killed Prince Ribbit
  5144 | D:4      | Noticed an ogre
  5154 | D:5      | Reached XP level 8. HP: 67/69 MP: 7/7
  5272 | D:4      | Noticed an ogre
  5279 | D:4      | Killed an ogre
  5297 | D:4      | Got a bloodstained robe
  5339 | D:3      | Identified the cursed +1 robe of the Fisher {+Fly rElec Int+2 Slay-5} (You found it on level 4 of the Dungeon)
  5803 | D:4      | Killed an ogre
  5854 | D:4      | Killed Fv001's ghost
  5854 | D:4      | Reached skill level 8 in Shields
  6225 | D:6      | Noticed Eustachio
  6248 | D:6      | Killed Eustachio
  6373 | D:6      | Reached XP level 9. HP: 78/78 MP: 8/8
  6376 | D:6      | Noticed a hill giant
  6396 | D:6      | Killed a hill giant
  6396 | D:6      | Reached skill level 9 in Shields
  6759 | D:7      | Noticed Joseph
  6773 | D:7      | Killed Joseph
  6928 | D:7      | Gained mutation: You are frail (-10% HP). [mutagenic meat]
  6929 | D:7      | Gained mutation: You are resistant to electric shocks. [mutagenic meat]
  7066 | D:7      | Found a basalt altar of Yredelemnul.
  7072 | D:7      | Found a shimmering altar of Xom.
  7585 | D:8      | Reached skill level 10 in Shields
  7794 | D:8      | Reached XP level 10. HP: 45/79 MP: 9/9
  8072 | D:8      | Found a shadowy altar of Dithmenos.
  8212 | D:8      | Noticed a manticore
  8232 | D:7      | Reached skill level 1 in Bows
  8389 | D:7      | Killed a manticore
  8567 | D:8      | Reached skill level 10 in Long Blades
  8772 | D:8      | Reached skill level 10 in Armour
  8952 | D:8      | Noticed a komodo dragon
  8954 | D:8      | Noticed a komodo dragon
  8968 | D:8      | Killed a komodo dragon
  8968 | D:8      | Received a gift from Okawaru
  8971 | D:8      | Killed a komodo dragon
  9007 | D:8      | Reached skill level 11 in Long Blades
  9089 | D:8      | Noticed a komodo dragon
  9103 | D:8      | Killed a komodo dragon
  9280 | D:8      | Found a staircase to the Lair.
  9480 | D:9      | Noticed Erolcha
  9525 | D:9      | Killed Erolcha
  9525 | D:9      | Acquired Okawaru's second power
  9525 | D:9      | Received a gift from Okawaru
  9525 | D:9      | Reached XP level 11. HP: 86/89 MP: 10/10
  9526 | D:9      | Reached skill level 10 in Fighting
  9587 | D:9      | Found a sparkling altar of Nemelex Xobeh.
  9616 | D:9      | Cast into the Abyss (orc)
  9616 | Abyss:1  | Found a corrupted altar of Lugonu.
  9775 | Abyss:1  | Noticed a skeletal warrior
  9776 | Abyss:1  | Noticed a skeletal warrior
  9847 | Abyss:1  | Noticed a thrashing horror
  9848 | Abyss:1  | Noticed a wretched star
  9853 | Abyss:1  | Noticed a wretched star
  9976 | Abyss:2  | Noticed a thrashing horror
  9984 | Abyss:2  | Noticed a thrashing horror
  9991 | Abyss:2  | Noticed a thrashing horror
 10276 | Abyss:3  | Received a gift from Okawaru
 10276 | Abyss:3  | Reached skill level 12 in Long Blades
 10315 | Abyss:3  | Noticed a starcursed mass
 10353 | Abyss:3  | Noticed a soul eater
 10355 | D:9      | Escaped the Abyss
 11052 | D:9      | Gained mutation: You are very frail (-20% HP). [a neqoxec]
 11589 | D:10     | Entered Level 10 of the Dungeon
 11698 | D:10     | Noticed a hill giant
 11712 | D:10     | Killed a hill giant
 11791 | D:10     | Noticed a hill giant
 11791 | D:10     | Found Koiwniadocs's Antique Armour Emporium.
 11792 | D:10     | Noticed Erica
 11805 | D:10     | Killed a hill giant
 11818 | D:10     | Killed Erica
 12323 | D:10     | Received a gift from Okawaru
 12398 | D:10     | Reached skill level 13 in Long Blades
 12403 | D:10     | Reached XP level 12. HP: 48/88 MP: 9/11
 12736 | D:10     | Gained mutation: You are weak. (Str -2) [mutagenic meat]
 12737 | D:10     | Gained mutation: You are surrounded by a mild repulsion field (EV +2). [mutagenic meat]
 13177 | D:11     | Noticed a centaur warrior
 13194 | D:11     | Killed a centaur warrior
 13366 | D:11     | Received a gift from Okawaru
 13476 | D:11     | Reached skill level 5 in Bows
 14215 | D:12     | Found a staircase to the Orcish Mines.
 14301 | D:12     | Got a scorched halberd
 14302 | D:12     | Identified the +1 halberd of Iteh {chop, rC+} (You found it on level 12 of the Dungeon)
 14350 | D:12     | Reached skill level 14 in Long Blades
 14438 | D:12     | Noticed Kirke
 14451 | D:12     | Killed Kirke
 14451 | D:12     | Received a gift from Okawaru
 14451 | D:12     | Reached skill level 1 in Invocations
 14451 | D:12     | Reached skill level 1 in Evocations
 14454 | D:12     | Got a pitted hat {god gift}
 14460 | D:12     | Identified the +1 hat of Miracles {Str+2 Int-5 Slay+4 SInv} (Okawaru gifted it to you on level 12 of the Dungeon)
 14460 | D:12     | Lost intelligence.
 14654 | D:12     | Noticed a centaur warrior
 14654 | D:12     | Noticed a centaur warrior
 14660 | D:12     | Killed a centaur warrior
 14671 | D:12     | Killed a centaur warrior
 15916 | D:12     | HP: 1/90 [very large slime creature (47)]
 15918 | D:12     | Demolished by a very large slime creature

Action                   |  1- 3 |  4- 6 |  7- 9 | 10-12 || total
-------------------------+-------+-------+-------+-------++-------
Melee: Long sword        |    70 |   187 |       |       ||   257
       Falchion          |       |    35 |   331 |       ||   366
       Scimitar          |       |       |    86 |   485 ||   571
       Great sword       |       |       |       |   354 ||   354
       Quick blade       |       |       |       |    13 ||    13
Invok: Heroism           |       |     1 |     1 |     1 ||     3
Evoke: Wand              |       |       |       |     1 ||     1
  Use: Scroll            |     6 |    10 |    10 |    14 ||    40
       Potion            |       |       |     2 |    16 ||    18
  Eat: Chunk             |     1 |    10 |    14 |    21 ||    46
       Bread ration      |       |       |       |     2 ||     2
